 Dungeon Crawl Stone Soup version 0.25.0-11-g1f837a76a1 (webtiles) character file.

Game seed: 11201576723134478174

17238 nikku the Grappler (level 12, 0/113 HPs)
             Began as a Ghoul Monk on June 25, 2020.
             Was a High Priest of Makhleb.
             Slain by a blink frog (9 damage)
             ... on level 2 of the Lair of Beasts on June 26, 2020.
             The game lasted 00:52:43 (16400 turns).

nikku the Grappler (Ghoul Monk)                    Turns: 16400, Time: 00:52:43

Health: 0/113      AC: 18    Str: 20    XL:     12   Next: 45%
Magic:  22/22      EV: 12    Int:  5    God:    Makhleb [*****.]
Gold:   725        SH:  0    Dex: 11    Spells: 11/11 levels left

rFire    . . .     SeeInvis .     - Unarmed
rCold    + . .     Gourm    .   (no shield)
rNeg     + + +     Faith    .   o - +0 swamp dragon scales
rPois    ∞         Spirit   .   w - +1 helmet
rElec    .         Reflect  .   l - +2 cloak
rCorr    .         Harm     .   E - +1 pair of gloves
MR       .....                  (no boots)
Stlth    ++........             (no amulet)
HPRegen  0.00/turn              H - ring of magical power
MPRegen  0.18/turn              i - ring of stealth

@: rotting
A: rotting body, claws 1, carnivore, cold resistance 1, negative energy
resistance 3, inhibited regeneration, torment resistance, unbreathing
a: Minor Destruction, Lesser Servant of Makhleb, Major Destruction, Greater
Servant of Makhleb, Renounce Religion


You were on level 2 of the Lair of Beasts.
You worshipped Makhleb.
Makhleb was extremely pleased with you.
You were not hungry.

You visited 3 branches of the dungeon, and saw 14 of its levels.

You collected 725 gold pieces.

Inventory:

Missiles
 x - 35 poisoned darts (quivered)
 A - 8 atropa-tipped darts
Armour
 d - a +3 chain mail
 l - a +2 cloak (worn)
 o - +0 swamp dragon scales (worn)
 t - +0 ice dragon scales
 w - a +1 helmet (worn)
 E - a +1 pair of gloves (worn)
Jewellery
 i - a ring of stealth (right hand)
 j - an uncursed ring of fire {unknown}
 H - a ring of magical power (left hand)
 I - an uncursed amulet of regeneration {unknown}
Wands
 p - a wand of flame (11)
 u - a wand of polymorph (11)
 y - a wand of iceblast (28)
Scrolls
 a - 3 scrolls of enchant weapon
 k - 2 scrolls of immolation {unknown}
 m - a scroll of identify
 n - 4 scrolls of remove curse
 s - 3 scrolls of magic mapping
 v - 2 scrolls of amnesia
 C - a scroll of blinking
 D - 2 scrolls of fog
 F - a scroll of teleportation
 J - 2 scrolls of enchant armour
Potions
 c - 2 potions of mutation
 e - 2 potions of magic {unknown}
 f - 4 potions of brilliance
 g - a potion of resistance
 q - 2 potions of lignification {unknown}
 r - 2 potions of flight {unknown}
 z - a potion of ambrosia {unknown}
 K - a potion of stabbing {unknown}
Comestibles
 b - 20 rations


   Skills:
 + Level 12.4 Fighting
 + Level 10.9 Armour
 - Level 2.6 Dodging
 - Level 2.1 Stealth
 + Level 12.4 Unarmed Combat
 + Level 3.4 Invocations


You had 11 spell levels left.
You didn't know any spells.
Your spell library contained the following spells:

 Spells                   Type           Power        Failure   Level  Hunger
 Sandblast                Erth           #.....       63%         1    ##.....
 Passwall                 Tmut/Erth      #.......     77%         2    ###....
 Stone Arrow              Conj/Erth      #.....       94%         3    ####...
 Petrify                  Tmut/Erth      #.......     100%        4    #####..
 Lee's Rapid Deconstruct  Erth           #.........   100%        5    ######.


Dungeon Overview and Level Annotations

Branches:
Dungeon (11/15)            Temple (1/1) D:6            Lair (2/6) D:8
  Swamp: Lair:2-4    Shoals: Lair:2-4     Snake: Lair:2-4    Spider: Lair:2-4
    Orc: D:9-12

Altars:
Ashenzari
Cheibriados
Dithmenos
Elyvilon
Fedhas
Gozag
Hepliaklqana
Kikubaaqudgha
Makhleb
Nemelex Xobeh
Okawaru
Qazlal
Ru
Sif Muna
Trog
Uskayaw
Vehumet
Wu Jian
Xom
Yredelemnul
Zin
The Shining One
Beogh

Annotations:
Lair:2 2 transporters


Innate Abilities, Weirdness & Mutations

Your body is rotting away.
You thrive on raw meat.
You are immune to poison.
You have sharp fingernails.
You are carnivorous and can eat meat at any time.
Your flesh is cold resistant. (rC+)
You are immune to negative energy. (rN+++)
You do not regenerate when monsters are visible.
You are immune to unholy pain and torment.
You can survive without breathing.


Message History

The blink frog blinks!
The blink frog blinks!
You feel better.
Okay, then.
The blink frog blinks!
You miss the blink frog. You punch the blink frog!
The blink frog is severely wounded.
The blink frog blinks! x2
You miss the blink frog.
The blink frog is heavily wounded.
The blink frog closely misses you.
You closely miss the blink frog.
The blink frog is heavily wounded.
The blink frog blinks!
The blink frog blinks!
You punch the blink frog!
You kill the blink frog!
Makhleb accepts your kill. The blink frog hits you!
You die...

.#...##...........P#
.##..#.##..#......## #.##..P#
####..##..........# #.#....###
#..............## ##.........
##...............# #..........
##...............#####....#.....
##.........<.......#.......#.....
#.....#..........................
##...#..........@F..............[
P.................#######........
.................## #.#.......
.................## ##........
..................#######........
............##P...#.#P.#.........
............ ###...#..P...††.....
...........# #.................
....÷.....## #..................


You could see a blink frog.

Vanquished Creatures
  2 hydras
  Pikel (D:4)
  An ugly thing (D:10)
  Psyche (D:9)
  2 spiny frogs
  4 centaur skeletons
  Maggie (D:7)
  A rime drake (Lair:2)
  A komodo dragon (D:8)
  A troll (D:11)
  A queen bee (D:9)
  Prince Ribbit (D:7)
  3 blink frogs (Lair:2)
  3 hippogriffs
  Sigmund (D:3)
  8 yaks
  Grum (D:8)
  A basilisk (Lair:1)
  Menkaure (D:7)
  7 water moccasins
  A porcupine (Lair:2)
  Duvessa (D:4)
  3 black bears
  3 ice beasts
  8 orc warriors
  4 slaves
  A sky beast (D:10)
  An eye of draining (D:11)
  A hornet zombie (D:10)
  6 ogres
  2 phantoms
  3 wolves
  3 crocodiles
  3 big kobolds
  12 bullfrogs
  A wyvern zombie (D:11)
  Dowan (D:4)
  3 scorpions
  31 killer bees
  7 wights
  A howler monkey (D:5)
  7 crimson imps
  3 jellies (D:7)
  3 bullfrog zombies
  2 quasits
  2 bullfrog skeletons
  6 hounds
  5 orc priests
  Crazy Yiuf (D:3)
  Terence (D:2)
  5 iguanas
  Natasha (thrice) (D:2)
  10 orc wizards
  17 worker ants
  A hound zombie (D:11)
  A hound skeleton (D:7)
  A howler monkey zombie (D:5)
  2 worker ant zombies
  17 adders
  5 gnolls
  2 howler monkey skeletons
  A shadow imp (D:10)
  2 adder zombies (D:1)
  A worm (D:3)
  An adder skeleton (D:7)
  3 dart slugs
  5 leopard geckos
  69 orcs
  8 bats
  6 giant cockroaches
  13 goblins
  9 hobgoblins
  15 jackals
  4 quokkas
  8 frilled lizards
  24 kobolds
  A quokka skeleton (D:7)
  18 rats
420 creatures vanquished.

Vanquished Creatures (others)
  A fungus (Lair:2)
  3 plants (D:8)
4 creatures vanquished.

Grand Total: 424 creatures vanquished

Notes
Turn   | Place    | Note
-------+----------+-------------------------------------------
     0 | D:1      | nikku the Ghoul Monk began the quest for the Orb.
     0 | D:1      | Reached XP level 1. HP: 19/19 MP: 0/0
   328 | D:1      | Reached XP level 2. HP: 26/26 MP: 1/1
   438 | D:1      | Reached skill level 1 in Armour
   447 | D:1      | Reached XP level 3. HP: 10/33 MP: 2/2
  1176 | D:2      | Noticed Terence
  1199 | D:2      | Killed Terence
  1199 | D:2      | Reached XP level 4. HP: 31/40 MP: 3/3
  1392 | D:2      | Noticed Natasha
  1412 | D:2      | Killed Natasha
  1519 | D:2      | Reached XP level 5. HP: 41/46 MP: 4/4
  1850 | D:2      | Noticed Natasha
  1864 | D:2      | Killed Natasha
  1960 | D:2      | Found a shimmering altar of Xom.
  2054 | D:2      | Found a faded altar of an unknown god.
  2148 | D:2      | Noticed Natasha
  2159 | D:2      | Killed Natasha
  2413 | D:3      | Reached XP level 6. HP: 53/53 MP: 5/5
  2574 | D:3      | Found a blossoming altar of Fedhas.
  2639 | D:3      | Noticed Sigmund
  2649 | D:3      | Killed Sigmund
  2649 | D:3      | Reached skill level 5 in Fighting
  2649 | D:3      | Reached skill level 5 in Unarmed Combat
  2999 | D:3      | Reached XP level 7. HP: 59/61 MP: 6/6
  3546 | D:3      | Found a runed translucent door.
  3547 | D:3      | Noticed Crazy Yiuf
  3560 | D:3      | Killed Crazy Yiuf
  4098 | D:4      | Noticed Duvessa
  4099 | D:4      | Noticed Dowan
  4112 | D:4      | Killed Duvessa
  4137 | D:5      | Entered Level 5 of the Dungeon
  4148 | D:4      | Killed Dowan
  4148 | D:4      | Reached skill level 5 in Armour
  4397 | D:4      | Reached XP level 8. HP: 29/70 MP: 7/7
  4957 | D:4      | Found a shattered altar of Ashenzari.
  5542 | D:5      | Noticed Pikel
  5767 | D:4      | Killed Pikel
  5767 | D:4      | Reached XP level 9. HP: 49/78 MP: 8/8
  6262 | D:5      | You fall into a shaft and drop 3 floors!
  6262 | D:8      | Found a basalt altar of Yredelemnul.
  6331 | D:8      | Noticed Grum
  6348 | D:8      | Found an opulent altar of Gozag.
  6520 | D:7      | Noticed Maggie
  6541 | D:7      | Killed Maggie
  6720 | D:7      | Found an iron altar of Okawaru.
  6824 | D:7      | Found a hide-covered altar of Uskayaw.
  6998 | D:6      | Found a staircase to the Ecumenical Temple.
  7005 | Temple   | Entered the Ecumenical Temple
  7213 | Temple   | Became a worshipper of Makhleb the Destroyer
  7213 | Temple   | Reached * piety under Makhleb
  7213 | Temple   | Reached ** piety under Makhleb
  7933 | D:6      | You fall into a shaft and drop 2 floors!
  8678 | D:7      | Reached XP level 10. HP: 90/90 MP: 9/9
  8707 | D:7      | Noticed Menkaure
  8718 | D:7      | Killed Menkaure
  8810 | D:7      | Noticed Prince Ribbit
  8820 | D:7      | Killed Prince Ribbit
  9318 | D:8      | Found a staircase to the Lair.
  9542 | D:8      | Killed Grum
  9542 | D:8      | Reached *** piety under Makhleb
  9767 | D:8      | Found a roughly hewn altar of Beogh.
  9951 | D:8      | Reached skill level 10 in Unarmed Combat
 10142 | D:9      | Reached skill level 10 in Fighting
 10483 | D:9      | Reached **** piety under Makhleb
 10486 | D:9      | Noticed Psyche
 10511 | D:9      | Killed Psyche
 10755 | D:9      | Reached XP level 11. HP: 50/101 MP: 10/10
 11761 | D:10     | Entered Level 10 of the Dungeon
 12039 | D:10     | Reached ***** piety under Makhleb
 12926 | D:11     | Noticed a brown ugly thing
 12971 | D:10     | Killed a brown ugly thing
 13323 | D:11     | Reached skill level 10 in Armour
 13761 | D:11     | Noticed an eight-headed hydra
 13876 | D:11     | Noticed a cyclops
 14392 | Lair:1   | Entered Level 1 of the Lair of Beasts
 14395 | Lair:1   | Noticed a seven-headed hydra
 14415 | Lair:1   | Killed a seven-headed hydra
 14415 | Lair:1   | Reached XP level 12. HP: 57/110 MP: 11/11
 14618 | Lair:1   | Found an opulent altar of Gozag.
 14680 | Lair:1   | Noticed an eight-headed hydra
 15184 | Lair:1   | Reached skill level 1 in Invocations
 15362 | Lair:2   | Found a transporter.
 15373 | Lair:2   | Noticed an eight-headed hydra
 15386 | Lair:2   | Killed an eight-headed hydra
 15661 | Lair:2   | Found a transporter.
 16377 | Lair:2   | HP: 3/113 [blink frog (11)]
 16382 | Lair:2   | HP: 2/113 [blink frog (3)]
 16400 | Lair:2   | Slain by a blink frog

Illustrated notes

Levels and vault maps discovered:
D:1:      saegor_arrival_fortress, layout_rooms, st_stairs_13
D:2:      minmay_recursive_quarters, layout_basic, lemuel_round_altar,
          chequers_ecumenical_altar_grove, uniq_terence, uniq_natasha
D:3:      layout_loops_corners, lemuel_doored_altar, first_ration, uniq_sigmund,
          uniq_crazy_yiuf_cottage
D:4:      layout_rooms, nicolae_ashenzari_panopticon, serial_park_tiny_1,
          uniq_duvessa
D:5:      layout_rooms, serial_bayou_crossing, uniq_pikel
D:6:      layout_basic, minmay_temple_entry_stoned_glass, grunt_ministairs_14
D:7:      layout_cave_pods, grunt_temple_overflow_open, uniq_menkaure,
          uniq_prince_ribbit1, uniq_maggie
D:8:      layout_rooms, yredelemnul_altar_generic, old_standard_altar,
          david_lair_shrubbed, special_room [special_room_orc], enter_bailey_7,
          uniq_grum
D:9:      layout_layer_cave, david_nohive_1, uniq_psyche
D:10:     layout_basic
D:11:     layout_cave_pools, david_orc_4, hangedman_tree_tricks
Temple:   regret_index_temple_generic_petals
Lair:1:   layout_regular_city, basic_altar, grunt_megastairs_3, uniq_nergalle
Lair:2:   gammafunk_cloud_chamber, layout_layer_cave, infiniplex_staircase_pool

Skill      XL: |  1  2  3  4  5  6  7  8  9 10 11 12 |
---------------+-------------------------------------+-----
Armour         | 1 2 3 4 5 6 7 9 10 | 10.9
Fighting       | 4 5 7 8 10 12 | 12.4
Unarmed Combat | 4 5 7 9 10 12 | 12.4
Invocations    | 3 |  3.4
Dodging        | |  2.6
Stealth        | |  2.1

Action                   |  1- 3 |  4- 6 |  7- 9 | 10-12 || total
-------------------------+-------+-------+-------+-------++-------
Melee: Unarmed           |   123 |   140 |   591 |  1045 ||  1899
       Punch             |       |     1 |    13 |    41 ||    55
Throw: Dart              |       |       |     3 |    22 ||    25
       Boomerang         |       |       |     1 |       ||     1
  Use: Scroll            |     1 |     4 |     8 |     9 ||    22
       Potion            |       |     1 |     3 |    16 ||    20
 Stab: Sleeping          |     3 |       |       |     4 ||     7
       Invisible         |       |       |       |     2 ||     2
       Distracted        |       |       |       |     2 ||     2
  Eat: Chunk             |     5 |     4 |    17 |    44 ||    70
       Ration            |       |       |       |     1 ||     1
Armor: Robe              |     9 |       |       |       ||     9
       Chain mail        |    19 |    65 |   276 |       ||   360
       Swamp dragon scal |       |       |    58 |   600 ||   658
Dodge: Dodged            |    55 |    31 |   257 |   674 ||  1017
